 Dungeon Crawl Stone Soup version 0.30-a0-1053-gbd8d5ba0ad (webtiles) character file.

Game seed: 11885000497323088215

86 Pimp the Shooter (level 4, 0/26 HPs)
             Began as a Deep Elf Hunter on Apr 11, 2023.
             Slain by Crazy Yiuf
             ... wielding a +3 quarterstaff of chaos
              (5 damage)
             ... on level 3 of the Dungeon.
             The game lasted 00:06:30 (1870 turns).

Pimp the Shooter (Deep Elf Hunter)                  Turns: 1870, Time: 00:06:31

Health: 0/26       AC:  9    Str:  7    XL:     4   Next: 26%
Magic:  6/6        EV:  8    Int: 13    God:
Gold:   210        SH:  0    Dex: 24    Spells: 3/3 levels left

rFire   . . .      SeeInvis .    n - +0 trident (heavy)
rCold   . . .      Faith    .    (no shield)
rNeg    . . .      Spirit   .    m - +1 scale mail
rPois   .          Reflect  .    (no helmet)
rElec   .          Rampage  .    (no cloak)
rCorr   .                        (no gloves)
Will    .....                    (no boots)
Stlth   +                        q - amulet of regeneration
HPRegen 1.04/turn                (no ring)
MPRegen 0.10/turn                (no ring)

@: weak-willed, on berserk cooldown, slowed, unable to read, very slow
A: iridescent scales 1, agile 1, inability to read after injury 1, MP-powered
wands
a: no special abilities


You were on level 3 of the Dungeon.
You visited 1 branch of the dungeon, and saw 3 of its levels.

You collected 210 gold pieces.

Inventory:

Hand Weapons
 a - a +0 shortbow
 n - a +0 heavy trident (weapon)
 o - the +8 war axe of Haqos {heavy, Fragile rC+ Int+3}
   (You found it on level 3 of the Dungeon)

   Int:       It affects your intelligence (+3).
   rC:        It protects you from cold.
   Fragile:   It will be destroyed if unequipped.
Armour
 c - a +0 leather armour
 m - a +1 scale mail (worn)
Jewellery
 q - an amulet of regeneration (around neck)
Scrolls
 b - 2 scrolls of immolation
 e - 5 scrolls of teleportation
 h - a scroll of poison
Potions
 f - a potion of mutation
 j - a potion of attraction
 p - a potion of invisibility {unknown}


   Skills:
 + Level 2.2 Fighting
 * Level 6.7 Ranged Weapons
 + Level 3.3 Dodging
 - Level 1.2 Stealth


You had 3 spell levels left.
You didn't know any spells.
Your spell library contained the following spells:

 Spells                   Type           Power      Damage    Failure   Level
 Hailstorm                Conj/Ice       0%         3d3       100%        3
 Ice Form                 Ice/Tmut       0%         N/A       100%        4
 Blade Hands              Tmut           0%         N/A       100%        5
 Irradiate                Conj/Tmut      0%         3d11      100%        5
 Simulacrum               Ice/Necr       0%         N/A       100%        6
 Dragon Form              Tmut           0%         N/A       100%        7


Dungeon Overview and Level Annotations

Branches:
Dungeon (3/15)

Altars:
Xom

Shops:
D:1 (   D:3 (

Annotations:
D:3 Crazy Yiuf


Innate Abilities, Weirdness & Mutations

You are partially covered in iridescent scales. (AC +2)
You are agile. (Dex +4, Str/Int -1)
You occasionally lose the ability to read scrolls when taking damage.
You expend magic power (3 MP) to strengthen your wands.


Message History

The door flies open with a bang!
You feel a strong urge to attack something.
Really attack while wielding your +0 shortbow? [Y]es or [N]o only, please.
Really attack while wielding your +0 shortbow?
Okay, then.
You are too berserk!
n - a +0 heavy trident (weapon)
You puncture Crazy Yiuf!
Crazy Yiuf is heavily wounded.
Crazy Yiuf whimpers, "Ghoul Xom tea!"
Crazy Yiuf hits you with a +3 quarterstaff of chaos!
Crazy Yiuf draws strength from your wounds!
Crazy Yiuf hits you but does no damage.
You are confused.
You're too confused to move!
You bump into the stone wall.
You feel a strong urge to attack something.
You are no longer berserk.
You are exhausted.
You feel yourself slow down.
Crazy Yiuf says, "Action!"
Crazy Yiuf hits you with a +3 quarterstaff of chaos.
Crazy Yiuf freezes you.
You bump into the tree.
You feel less confused. Crazy Yiuf closely misses you.
Crazy Yiuf barely misses you.
You hit Crazy Yiuf but do no damage.
Crazy Yiuf is moderately wounded.
Crazy Yiuf sings, "Trees, trees, trees, circus!"
Crazy Yiuf hits you with a +3 quarterstaff of chaos!
Ouch! That really hurt!
Crazy Yiuf freezes you.
* * * LOW HITPOINT WARNING * * *
Crazy Yiuf says, "Island seventy leg!"
Crazy Yiuf barely misses you.
Crazy Yiuf cries, "Gnoll wrapper stair!"
Crazy Yiuf hits you with a +3 quarterstaff of chaos.
You feel threatened and lose the ability to read scrolls!
You die...

##### #)..#
#...# ... #g#
♣@♣♣ ♣♣.♣ ♣.♣♣
♣♣.♣ ♣♣.♣♣ #
♣♣...♣ .
♣....♣ #
#....#
#+..+#######.#


You could see Crazy Yiuf.

Vanquished Creatures
  An adder (D:2)
  2 dart slugs
  4 orcs (D:3)
  4 ball pythons
  A bat skeleton (D:2)
  3 endoplasms
  2 giant cockroaches
  7 goblins
  4 hobgoblins
  4 jackals (D:2)
  3 quokkas
  2 ball python zombies (D:2)
  9 bats
  A frilled lizard (D:3)
  2 giant cockroach zombies (D:2)
  5 kobolds
  A quokka skeleton (D:2)
  A quokka zombie (D:2)
  9 rats
65 creatures vanquished.

Vanquished Creatures (others)
  A withered plant (D:2)
1 creature vanquished.

Grand Total: 66 creatures vanquished

Notes
Turn   | Place    | Note
-------+----------+-------------------------------------------
     0 | D:1      | Pimp the Deep Elf Hunter began the quest for the Orb.
     0 | D:1      | Reached XP level 1. HP: 12/12 MP: 3/3
    13 | D:1      | Found Iczawoibb's Antique Weapon Shoppe.
   154 | D:1      | Reached XP level 2. HP: 16/17 MP: 4/4
   718 | D:2      | Reached skill level 6 in Ranged Weapons
   797 | D:2      | Reached XP level 3. HP: 18/21 MP: 5/5
   953 | D:2      | Found a shimmering altar of Xom.
  1477 | D:3      | Reached XP level 4. HP: 24/26 MP: 6/6
  1738 | D:3      | Identified the +8 war axe of Haqos {heavy, Fragile rC+
                  | Int+3}
  1777 | D:3      | Found Ziyl's Weapon Emporium.
  1843 | D:3      | Gained mutation: You are agile. (Dex +4, Str/Int -1)
                  | [potion of mutation]
  1843 | D:3      | Gained mutation: You expend magic power (3 MP) to
                  | strengthen your wands. [potion of mutation]
  1843 | D:3      | Gained mutation: You occasionally lose the ability to read
                  | scrolls when taking damage. [potion of mutation]
  1843 | D:3      | Gained mutation: You are partially covered in iridescent
                  | scales. (AC +2) [potion of mutation]
  1857 | D:3      | Found a runed translucent door.
  1858 | D:3      | Noticed Crazy Yiuf
  1870 | D:3      | Slain by Crazy Yiuf

Illustrated notes

Levels and vault maps discovered:
D:1:      minmay_arrival_doors, layout_basic, serial_shops, shop_statue,
          serial_bayou_pond_d, corexii_item_surrounded_by_moat
D:2:      layout_loops_ring, serial_undead, serial_undead_a, serial_undead_f,
          serial_undead_a, serial_undead_a, basic_altar
D:3:      corexii_shack_village, layout_basic, serial_shops,
          nicolae_shop_bloodbath_and_beyond, dk_vineyard_2, dk_noncrumbling_4,
          patterned_corridor, uniq_crazy_yiuf_cottage, uniq_jessica

Skill      XL: |  1  2  3 |
---------------+----------+-----
Ranged Weapons | 6 |  6.7
Fighting       | 2 |  2.2
Dodging        | 3 |  3.3
Stealth        | |  1.2

Action                     |  1- 3 |  4- 6 || total
---------------------------+-------+-------++-------
  Melee: Trident           |       |     2 ||     2
   Fire: Shortbow          |   114 |    24 ||   138
    Use: Scroll            |       |     7 ||     7
         Potion            |       |     2 ||     2
 Armour: Leather armour    |    30 |       ||    30
         Scale mail        |       |     6 ||     6
  Dodge: Dodged            |    95 |    15 ||   110

Table legend: (Time is in decaauts)
 A = Elapsed time spent in this place.
 B = Non-inter-level travel time spent in this place.
 C = Inter-level travel time spent in this place.
 D = Time resting spent in this place.
 E = Time spent auto-exploring this place.
 F = Levels seen in this place.
 G = Mean time per level.
                   A        B        C        D        E       F      G
               +--------+--------+--------+--------+--------+-----+--------+
         Total |   1915 |   1829 |     86 |     84 |   1175 |   3 |  638.3 |
       Dungeon |   1915 |   1829 |     86 |     84 |   1175 |   3 |  638.3 |
               +--------+--------+--------+--------+--------+-----+--------+

Top non-repeatable levels by time:
     D:2: 809 daAuts
     D:1: 645 daAuts
     D:3: 460 daAuts
